 Dungeon Crawl Stone Soup version 0.24-b1 (webtiles) character file.

Game seed: 11607012698108494471, levelgen mode: deterministic

6097 MrRokkomies the Grappler (level 10, -5/93 HPs)
             Began as a Ghoul Monk on Oct 13, 2019.
             Was an Elder of Makhleb.
             Slain by a vault guard
             ... wielding a +0 war axe
              (11 damage)
             ... on level 12 of the Dungeon.
             The game lasted 00:28:59 (8850 turns).

MrRokkomies the Grappler (Ghoul Monk)               Turns: 8850, Time: 00:28:59

Health: -5/93      AC: 13    Str: 16    XL:     10   Next: 88%
Magic:  12/12      EV:  8    Int:  8    God:    Makhleb [****..]
Gold:   374        SH:  3    Dex: 14    Spells: 8/9 levels left

rFire    . . .     SeeInvis .     - Unarmed
rCold    + . .     Gourm    .   (no shield)
rNeg     + + +     Faith    .   l - +1 chain mail
rPois    ∞         Spirit   .   n - +1 helmet
rElec    .         Reflect  +   p - +0 cloak
rCorr    .         Harm     .   (no gloves)
MR       +....                  (no boots)
Stlth    ..........             x - +3 amulet of reflection
HPRegen  0.00/turn              i - ring of protection from magic
MPRegen  0.13/turn              s - +3 ring of dexterity

@: rotting, hasted, very quick
A: rotting body, claws 1, carnivore, cold resistance 1, negative energy
resistance 3, inhibited regeneration, torment resistance, unbreathing
a: Minor Destruction, Lesser Servant of Makhleb, Major Destruction, Renounce
Religion


You were on level 12 of the Dungeon.
You worshipped Makhleb.
Makhleb was greatly pleased with you.
You were not hungry.

You visited 1 branch of the dungeon, and saw 12 of its levels.

You collected 561 gold pieces.
You spent 187 gold pieces at shops.

Inventory:

Hand Weapons
 b - a +1 hunting sling
Missiles
 c - 353 stones
 g - 30 sling bullets
 q - 6 javelins
 w - 2 throwing nets
 C - 17 poisoned darts (quivered)
Armour
 l - a +1 chain mail (worn)
 n - a +1 helmet (worn)
 p - a +0 cloak (worn)
Jewellery
 a - an uncursed ring of see invisible
 e - an uncursed amulet of magic regeneration
 i - a ring of protection from magic (left claw)
 s - a +3 ring of dexterity (right claw)
 x - a +3 amulet of reflection (around neck)
Wands
 A - a wand of iceblast (14)
 B - a wand of disintegration (8)
 D - a wand of digging (5)
 E - a wand of polymorph (6)
Scrolls
 m - a scroll of enchant armour
 o - 5 scrolls of remove curse
 y - 2 scrolls of enchant weapon
Potions
 h - a potion of magic
 k - 2 potions of curing
 v - 2 potions of flight
Comestibles
 f - 24 rations


   Skills:
 - Level 10.0 Fighting
 * Level 3.8 Armour
 - Level 2.6 Dodging
 - Level 2.1 Stealth
 * Level 11.5 Unarmed Combat
 - Level 5.0 Hexes
 + Level 4.6 Invocations


You had 8 spell levels left.
You knew the following spells:

 Your Spells              Type           Power        Failure   Level  Hunger
a - Confusing Touch       Hex            #.....       67%         1    ##.....

Your spell library contained the following spells:

 Spells                   Type           Power        Failure   Level  Hunger
 Confuse                  Hex            #.......     95%         3    ####...
 Gell's Gravitas          Tloc           #.........   100%        3    ####...
 Petrify                  Tmut/Erth      #.......     100%        4    #####..
 Metabolic Englaciation   Hex/Ice        #.........   100%        5    ######.
 Yara's Violent Unravell  Hex/Tmut       #.........   100%        5    ######.


Dungeon Overview and Level Annotations

Branches:
Dungeon (13/15)            Temple (0/1) D:6          Vaults (0/5) D:13
   Lair: D:8-11         Orc: D:9-12

Altars:
Ashenzari
Elyvilon
Makhleb
Nemelex Xobeh
Qazlal
Ru
Trog
Zin
The Shining One

Shops:
D:4 [   D:8 !   D:9 *   D:10 *

Annotations:
D:10 Erica


Innate Abilities, Weirdness & Mutations

Your body is rotting away.
You thrive on raw meat.
You are immune to poison.
You have sharp fingernails.
You are carnivorous and can eat meat at any time.
Your flesh is cold resistant. (rC+)
You are immune to negative energy. (rN+++)
You do not regenerate when monsters are visible.
You are immune to unholy pain and torment.
You can survive without breathing.


Message History

Your neqoxec hits the troll. The troll bites you but does no damage.
The troll barely misses you. The troll claws you.
* * * LOW HITPOINT WARNING * * *
The vault guard hits you with a +0 war axe.
* * * LOW HITPOINT WARNING * * *
The vault guard hits your ynoxinul with a +0 war axe!
You feel better.
Your ynoxinul hits the purple ugly thing but does no damage.
Your ynoxinul hits the vault guard but does no damage.
The purple ugly thing punches you!
* * * LOW HITPOINT WARNING * * *
Unknown command.
Okay, then.
Unknown command.
You feel better.
Your neqoxec hits the troll! The troll bites you!
* * * LOW HITPOINT WARNING * * *
The troll barely misses you. The troll claws you but does no damage.
Your ynoxinul gestures.
The vault guard hits you with a +0 war axe!
You die... ..# #.# #.# #.# 555

#3#
#p###.###
#@T35....
#u###.###
#3# #5#
#5# ...
#.# #.#


You could see a vault guard, a purple ugly thing, a troll, a friendly neqoxec, 2
friendly ynoxinuls, a friendly iron imp and 5 friendly ufetubi.

Vanquished Creatures
  A two-headed ogre (D:13)
  An ugly thing (D:13)
  A moth of wrath (shapeshifter) (D:13)
  A hippogriff (D:9)
  6 yaks (D:9)
  2 wyverns
  Sigmund (D:5)
  A hungry ghost (D:7)
  A soldier ant (D:10)
  2 orc warriors
  3 ice beasts
  2 sky beasts
  4 ogres
  A black bear (D:8)
  2 phantoms (D:4)
  2 centaurs
  3 bullfrogs
  A gnoll sergeant (D:8)
  3 scorpions
  3 wights (D:7)
  3 crimson imps
  2 bullfrog zombies
  3 hounds
  A centaur zombie (D:7)
  4 jellies
  A bullfrog skeleton (D:9)
  3 orc priests (D:8)
  Natasha (thrice) (D:4)
  An iguana (D:4)
  An orc wizard (D:7)
  2 worker ants
  A hound zombie (D:9)
  A hound skeleton (D:4)
  12 gnolls
  7 adders
  2 shadow imps
  2 oozes
  2 adder zombies
  2 worms (D:3)
  3 dart slugs
  5 leopard geckos
  30 orcs
  4 giant cockroaches
  6 goblins
  6 hobgoblins
  7 jackals (D:2)
  4 quokkas
  4 ball pythons
  7 bats
  5 frilled lizards
  A jackal skeleton (D:5)
  8 kobolds
  4 leopard gecko skeletons
  10 rats
198 creatures vanquished.

Notes
Turn   | Place    | Note
-------+----------+-------------------------------------------
     0 | D:1      | MrRokkomies the Ghoul Monk began the quest for the Orb.
     0 | D:1      | Reached XP level 1. HP: 19/19 MP: 0/0
   319 | D:1      | Reached XP level 2. HP: 19/26 MP: 1/1
   374 | D:1      | HP: 1/27 [hobgoblin/+0 club (5)]
   413 | D:1      | Reached skill level 4 in Unarmed Combat
   413 | D:1      | Reached XP level 3. HP: 30/33 MP: 2/2
  1196 | D:2      | Reached XP level 4. HP: 38/41 MP: 3/3
  1488 | D:2      | Learned a level 1 spell: Confusing Touch
  2110 | D:3      | Reached XP level 5. HP: 47/47 MP: 4/4
  2194 | D:3      | Reached skill level 5 in Fighting
  2195 | D:3      | Reached skill level 5 in Unarmed Combat
  2729 | D:3      | Reached skill level 1 in Hexes
  2820 | D:4      | Noticed Natasha
  2828 | D:4      | Killed Natasha
  2844 | D:4      | Reached XP level 6. HP: 46/56 MP: 5/5
  2856 | D:4      | Noticed Natasha
  2864 | D:4      | Killed Natasha
  2898 | D:4      | Noticed a phantom
  2926 | D:4      | Killed a phantom
  3062 | D:4      | Found a stormy altar of Qazlal.
  3066 | D:4      | Noticed a phantom
  3113 | D:4      | Killed a phantom
  3113 | D:4      | Reached skill level 6 in Unarmed Combat
  3113 | D:4      | Reached XP level 7. HP: 60/63 MP: 6/6
  3179 | D:4      | Noticed Natasha
  3186 | D:4      | Killed Natasha
  3188 | D:4      | Found Edeshir's Armour Shoppe.
  3251 | D:4      | Found a burning altar of Makhleb.
  3251 | D:4      | Noticed an Executioner
  3417 | D:4      | Noticed a ynoxinul
  3417 | D:4      | Noticed a ynoxinul
  3419 | D:4      | Became a worshipper of Makhleb the Destroyer
  3419 | D:4      | Reached * piety under Makhleb
  3419 | D:4      | Reached ** piety under Makhleb
  3442 | D:5      | Entered Level 5 of the Dungeon
  3908 | D:5      | Reached skill level 7 in Unarmed Combat
  3952 | D:5      | Reached XP level 8. HP: 69/73 MP: 7/7
  3991 | D:5      | Found a glowing golden altar of the Shining One.
  3992 | D:5      | Found a white marble altar of Elyvilon.
  3994 | D:5      | Found a shattered altar of Ashenzari.
  3994 | D:5      | Found a glowing silver altar of Zin.
  3996 | D:5      | Found a bloodstained altar of Trog.
  3996 | D:5      | Found a sparkling altar of Nemelex Xobeh.
  3998 | D:5      | Found a sacrificial altar of Ru.
  4304 | D:5      | Noticed Sigmund
  4316 | D:5      | Killed Sigmund
  4367 | D:5      | You fall into a shaft and drop 3 floors!
  4561 | D:8      | Reached skill level 8 in Unarmed Combat
  5359 | D:8      | Noticed a wyvern
  5370 | D:8      | Killed a wyvern
  5370 | D:8      | Reached XP level 9. HP: 74/79 MP: 8/8
  5409 | D:7      | Reached skill level 9 in Unarmed Combat
  5421 | D:7      | Reached *** piety under Makhleb
  5458 | D:6      | Found a white marble altar of Elyvilon.
  5937 | D:6      | Found a staircase to the Ecumenical Temple.
  6930 | D:8      | Found Taxzej's Distillery.
  6934 | D:8      | Bought a potion of heal wounds for 55 gold pieces
  6934 | D:8      | Bought a potion of agility for 44 gold pieces
  6934 | D:8      | Bought a potion of heal wounds for 55 gold pieces
  6934 | D:8      | Bought a potion of flight for 33 gold pieces
  7401 | D:9      | Reached skill level 10 in Fighting
  7401 | D:9      | Reached skill level 10 in Unarmed Combat
  7455 | D:9      | Reached skill level 1 in Invocations
  7455 | D:9      | Reached XP level 10. HP: 71/89 MP: 9/9
  7586 | D:9      | Noticed a two-headed ogre
  7916 | D:9      | Reached **** piety under Makhleb
  8251 | D:10     | Entered Level 10 of the Dungeon
  8251 | D:10     | Found Kotzuorch's Assorted Antiques.
  8280 | D:9      | Reached skill level 5 in Hexes
  8333 | D:10     | Noticed Erica
  8554 | D:9      | Reached skill level 1 in Armour
  8633 | D:10     | You fall into a shaft and drop 3 floors!
  8672 | D:13     | Noticed a centaur warrior
  8688 | D:13     | Noticed a purple ugly thing
  8723 | D:13     | Killed a purple ugly thing
  8723 | D:13     | Reached skill level 11 in Unarmed Combat
  8741 | D:13     | Found a gate to the Vaults.
  8741 | D:13     | Noticed a centaur warrior
  8741 | D:13     | Noticed a cyclops
  8741 | D:13     | Noticed a vault guard
  8741 | D:13     | Noticed a vault guard
  8741 | D:13     | Noticed a vault guard
  8741 | D:13     | Noticed a manticore
  8751 | D:13     | Noticed a two-headed ogre
  8762 | D:13     | Killed a two-headed ogre
  8779 | D:13     | Noticed an ogre mage
  8779 | D:13     | Noticed a centaur warrior
  8783 | D:13     | Noticed a moth of wrath
  8797 | D:13     | Killed a moth of wrath
  8799 | D:13     | Noticed a cyclops
  8800 | D:13     | Noticed a red ugly thing
  8829 | D:13     | Noticed a purple ugly thing
  8847 | D:12     | HP: 3/93 [troll (7)]
  8850 | D:12     | Slain by a vault guard

Skill      XL: |  1  2  3  4  5  6  7  8  9 10 |
---------------+-------------------------------+-----
Fighting       | 4 5 6 7 8 10 | 10.0
Unarmed Combat | 4 5 6 7 8 10 11 | 11.5
Hexes          | 1 2 3 4 5 |  5.0
Invocations    | 1 4 |  4.6
Armour         | 3 |  3.8
Dodging        | |  2.6
Stealth        | |  2.1

Action                   |  1- 3 |  4- 6 |  7- 9 | 10-12 || total
-------------------------+-------+-------+-------+-------++-------
Melee: Unarmed           |   112 |   224 |   343 |   128 ||   807
       Punch             |     2 |     1 |     9 |     8 ||    20
 Fire: Hunting sling     |     3 |    32 |    26 |       ||    61
Throw: Dart              |       |       |       |     5 ||     5
       Throwing net      |       |       |       |     3 ||     3
       Stone             |       |       |       |     1 ||     1
Invok: Lesser Servant of |       |       |       |     3 ||     3
  Use: Scroll            |     1 |     4 |    11 |     9 ||    25
       Potion            |       |       |       |    12 ||    12
 Stab: Sleeping          |     1 |       |       |       ||     1
  Eat: Chunk             |    12 |     5 |    26 |     9 ||    52
Armor: Robe              |    12 |       |       |       ||    12
       Chain mail        |    39 |   100 |   171 |    65 ||   375
       Ring mail         |     7 |       |       |       ||     7
Dodge: Dodged            |    70 |    69 |   104 |    62 ||   305
Block: Other             |       |    14 |    39 |    12 ||    65
       Reflection        |       |       |       |     2 ||     2
